 Seeded DCSS version 0.28.0-43-g3370ac3207 (webtiles) character file.

Game seed: 7121082916606783627 (custom seed)

55 gzilladon the Chopper (level 3, -5/33 HPs)
             Began as a Hill Orc Monk on Mar 30, 2022.
             Was a Believer of Beogh.
             Slain by an ice beast (9 damage)
             ... on level 3 of the Dungeon.
             The game lasted 00:05:51 (1684 turns).

gzilladon the Chopper (Hill Orc Monk)               Turns: 1684, Time: 00:05:52

Health: -5/33      AC:  8    Str: 15    XL:     3   Next: 93%
Magic:  3/3        EV:  7    Int: 10    God:    Beogh [**....]
Gold:   82         SH:  0    Dex: 13    Spells: 2/2 levels left

rFire   . . .      SeeInvis .   a - +0 hand axe
rCold   . . .      Faith    .   (no shield)
rNeg    . . .      Spirit   .   f - +0 chain mail
rPois   .          Reflect  .   (no helmet)
rElec   .          Harm     .   (no cloak)
rCorr   .          Rampage  .   (no gloves)
Will    .....                   (no boots)
Stlth   ..........              (no amulet)
HPRegen 0.11/turn               (no ring)
MPRegen 0.08/turn               (no ring)

@: no status effects
A: no striking features
a: Renounce Religion, Smiting


You were on level 3 of the Dungeon.
You worshipped Beogh.
Beogh was pleased with you.
You visited 1 branch of the dungeon, and saw 3 of its levels.

You collected 82 gold pieces.

Inventory:

Hand Weapons
 a - a +0 hand axe (weapon)
Missiles
 k - 8 poisoned darts (quivered)
Armour
 b - a +0 robe
 c - a +0 leather armour
 f - a +0 chain mail (worn)
Scrolls
 d - 2 scrolls of identify {unknown}
 e - 2 scrolls of immolation {unknown}
 g - a scroll of blinking {unknown}
 h - a scroll of torment {unknown}
 j - a scroll of teleportation {unknown}
 m - a scroll of fear {unknown}
Potions
 i - a potion of attraction {unknown}
 l - a potion of curing {unknown}


   Skills:
 + Level 4.2 Fighting
 * Level 5.5 Axes
 + Level 1.0 Armour
 - Level 2.4 Dodging
 - Level 1.5 Stealth


You had 2 spell levels left.
You didn't know any spells.
Your spell library was empty.

Dungeon Overview and Level Annotations

Branches:
Dungeon (3/15)

Altars:

Shops:
D:1 *


Message History

l - a blue potion
Found a scroll labelled HULITACLORI.
Found a robe.
m - a scroll labelled HULITACLORI Why would you want to do that?
Found a stone staircase leading down.
You open the door.
There is an open door here.
Found an escape hatch in the ceiling.
A goblin comes into view. It is wielding a +0 dagger.
The goblin shouts!
The goblin enters a dispersal trap!
You blink.
Found 9 gold pieces.
The goblin blinks!
Found 4 boomerangs.
An ice beast comes into view.
You see here 9 gold pieces.
The goblin barely misses you.
You hit the goblin but do no damage. The goblin hits you with a +0 dagger.
You hit the goblin.
You kill the goblin!
Beogh accepts your kill.
You slash the ice beast!
The ice beast is moderately wounded.
The ice beast hits you. The ice beast freezes you!
You barely miss the ice beast.
The ice beast is moderately wounded.
The ice beast hits you but does no damage.
You hit the ice beast.
The ice beast is heavily wounded.
The ice beast hits you but does no damage.
You hit the ice beast.
The ice beast is severely wounded.
The ice beast hits you. The ice beast freezes you!
* * * LOW HITPOINT WARNING * * *
You barely miss the ice beast.
The ice beast is severely wounded.
The ice beast hits you.
* * * LOW HITPOINT WARNING * * *
The ice beast freezes you!
You die...

#.. ...# #.# #..# #.#
#..# # ##.###..## #
##........########
#####.................
####...$...###...#####...
#.......@Y...............
#.##...#...###...#####.##
#............^.# ###
#...#...###...##
.........# #...#
.#......(.. ..... #
#.#..#..........+
#..............##


You could see an ice beast.

Vanquished Creatures
  2 adders (D:2)
  A worm (D:2)
  A dart slug (D:2)
  4 ball pythons (D:2)
  2 bats (D:1)
  2 endoplasms
  A giant cockroach (D:1)
  4 goblins
  4 hobgoblins
  4 quokkas (D:1)
  A frilled lizard (D:3)
  2 kobolds
  A rat (D:1)
29 creatures vanquished.

Vanquished Creatures (others)
  2 orcs (D:3)
  7 toadstools (D:3)
9 creatures vanquished.

Grand Total: 38 creatures vanquished

Notes
Turn   | Place    | Note
-------+----------+-------------------------------------------
     0 | D:1      | gzilladon the Hill Orc Monk began the quest for the Orb.
     0 | D:1      | Reached XP level 1. HP: 19/19 MP: 1/1
    61 | D:2      | Reached XP level 2. HP: 9/27 MP: 2/2
   267 | D:2      | Found a faded altar of an unknown god.
   367 | D:3      | Became a worshipper of Beogh the Brigand
   367 | D:3      | Reached * piety under Beogh
   367 | D:3      | Reached ** piety under Beogh
   711 | D:2      | Reached skill level 5 in Axes
   711 | D:2      | Reached XP level 3. HP: 16/33 MP: 3/3
  1485 | D:1      | Found Rirorouf's Assorted Antiques.
  1558 | D:2      | Reached skill level 1 in Armour
  1671 | D:3      | Noticed an ice beast
  1684 | D:3      | Slain by an ice beast

Illustrated notes

Levels and vault maps discovered:
D:1:      minmay_arrival_plants_in_alcoves, layout_rooms, serial_shops, shop,
          chequers_serial_rivers_large_b
D:2:      layout_rooms, hellmonk_ecumenical_altar_leap_of_faith,
          minmay_door_square, nicolae_concentric_dashed_squares_mild
D:3:      cheibrodos_fertilizer, layout_basic, lemuel_tele_altar,
          lemuel_zombie_altar_yredelemnul, serial_shops,
          nicolae_shop_behind_doors, serial_rivers,
          chequers_serial_rivers_small_a, chequers_serial_rivers_micro_c,
          chequers_serial_rivers_room_a, chequers_serial_rivers_micro_e,
          chequers_serial_rivers_small_a, kennysheep_generic_room_9

Skill      XL: |  1  2  3 |
---------------+----------+-----
Fighting       | 4 |  4.2
Axes           | 5 |  5.5
Armour         | 1 |  1.0
Dodging        | |  2.4
Stealth        | |  1.5

Action                   || total
-------------------------++-------
Melee: Hand axe          ||   128
Invok: Convert to Beogh  ||     1
Armor: Robe              ||    12
       Leather armour    ||     6
       Chain mail        ||    37
Dodge: Dodged            ||    91
